 Dungeon Crawl Stone Soup version 0.29.0-13-gc9e81de378 (webtiles) character file.

Game seed: 15572960427856023605

3321 gdog the Summoner (level 10, -10/74 HPs)
             Began as a Gnoll Summoner on Sept 10, 2022.
             Was an Initiate of Gozag.
             Mangled by a seven-headed hydra (12 damage)
             ... on level 7 of the Dungeon.
             The game lasted 00:50:36 (8957 turns).

gdog the Summoner (Gnoll Summoner)                  Turns: 8957, Time: 00:50:36

Health: -10/74     AC: 10    Str: 17    XL:     10   Next: 2%
Magic:  8/29       EV: 14    Int: 18    God:    Gozag
Gold:   511        SH:  0    Dex: 13    Spells: 7/23 levels left

rFire   + . .      SeeInvis +   a - +8 morningstar
rCold   . . .      Faith    .   (no shield)
rNeg    . . .      Spirit   .   o - +1 robe
rPois   +          Reflect  .   v - +1 helmet
rElec   .          Harm     .   B - +1 cloak
rCorr   .          Rampage  .   m - +1 pair of gloves
Will    .....                   (no boots)
Stlth   +++.......              (no amulet)
HPRegen 0.22/turn               l - ring of poison resistance
MPRegen 0.21/turn               D - ring "Qiuwk" {*Slow rF+ MP+9 Str+9 SInv}

@: no status effects
A: fangs 1, strong nose, distributed training
a: Renounce Religion, Potion Petition, Call Merchant, Bribe Branch


You were on level 7 of the Dungeon.
You worshipped Gozag.
Gozag was pleased with you.
You visited 2 branches of the dungeon, and saw 8 of its levels.

You collected 633 gold pieces.
You paid 122 gold pieces to Gozag.

Inventory:

Hand Weapons
 a - a +8 morningstar (weapon)
 b - the +10 longbow of the Lesser Evil {flame, rCorr Int+3}
   (You acquired it on level 5 of the Dungeon)

   Any ammunition fired from it burns those it strikes, dealing additional fire
   damage.
   Int:       It affects your intelligence (+3).
   rCorr:     It protects you from acid and corrosion.
 g - a +0 hand axe
 k - a +0 short sword
 q - a +0 arbalest
 s - a +1 flail of protection
 y - a +0 rapier
 F - a +5 war axe of venom
 G - a +0 falchion of flaming
 H - a +3 long sword
 K - a +4 hand axe of freezing
Missiles
 r - a throwing net (quivered)
 x - 11 silver javelins
Armour
 c - a +0 ring mail
 h - a +0 leather armour
 m - a +1 pair of gloves (worn)
 o - a +1 robe (worn)
 v - a +1 helmet (worn)
 w - a +0 buckler
 B - a +1 cloak (worn)
Jewellery
 e - a ring of positive energy
 l - a ring of poison resistance (left hand)
 D - the ring "Qiuwk" (right hand) {*Slow rF+ MP+9 Str+9 SInv}
   (You acquired it on level 5 of the Dungeon)

   [ring of see invisible]

   Str:       It affects your strength (+9).
   rF:        It protects you from fire.
   MP:        It affects your magic capacity (+9).
   SInv:      It lets you see invisible.
   *Slow:     It may slow you when you take damage.
 P - a ring of protection from fire
Wands
 u - a wand of quicksilver (5)
 E - a wand of charming (7)
 I - a wand of flame (17)
 L - a wand of mindburst (6)
Scrolls
 j - 11 scrolls of teleportation
 n - a scroll of amnesia
 A - a scroll of poison
 J - a scroll of fear {unknown}
 M - a scroll of identify
Potions
 d - a potion of heal wounds
 f - a potion of berserk rage
 i - 2 potions of ambrosia
 p - 2 potions of magic
 t - 6 potions of curing
 z - a potion of lignification
 C - a potion of invisibility {unknown}
 N - a potion of haste {unknown}
 O - a potion of flight {unknown}


   Skills:
 + Level 5.0 Fighting
 + Level 5.0 Short Blades
 + Level 5.0 Long Blades
 + Level 5.0 Axes
 + Level 5.0 Maces & Flails
 + Level 5.0 Polearms
 + Level 5.0 Staves
 + Level 5.0 Ranged Weapons
 + Level 5.0 Throwing
 + Level 5.0 Armour
 + Level 6.8 Dodging
 + Level 6.6 Stealth
 + Level 5.0 Shields
 + Level 5.0 Unarmed Combat
 + Level 7.1 Spellcasting
 + Level 4.1 Conjurations
 + Level 4.1 Hexes
 + Level 8.3 Summonings
 + Level 4.1 Necromancy
 + Level 4.1 Translocations
 + Level 4.1 Transmutations
 + Level 4.1 Fire Magic
 + Level 4.1 Ice Magic
 + Level 4.1 Air Magic
 + Level 4.1 Earth Magic
 + Level 4.1 Poison Magic
 + Level 5.5 Invocations
 + Level 5.0 Evocations


You had 7 spell levels left.
You knew the following spells:

 Your Spells              Type           Power      Damage    Failure   Level
a - Summon Small Mammal   Summ           100%       N/A       1%          1
b - Call Imp              Summ           36%        N/A       1%          2
c - Call Canine Familiar  Summ           36%        N/A       1%          3
d - Summon Guardian Gole  Hex/Summ       28%        N/A       2%          3
e - Summon Lightning Spi  Summ/Air       28%        N/A       9%          4
f - Mephitic Cloud        Conj/Pois/Air  21%        N/A       6%          3

Your spell library contained the following spells:

 Spells                   Type           Power      Damage    Failure   Level
 Magic Dart               Conj           84%        1d7       1%          1
 Freezing Cloud           Conj/Ice/Air   10%        6-21      47%         5
 Iskenderun's Battlesphe  Conj           21%        2d7       47%         5
 Iron Shot                Conj/Erth      10%        9d3       96%         6
 Spellforged Servitor     Conj/Summ      14%        N/A       100%        7
 Polar Vortex             Ice            10%        N/A       100%        9
 Simulacrum               Ice/Necr       Unusable   N/A       N/A         6

Dungeon Overview and Level Annotations

Branches:
Dungeon (7/15)             Temple (1/1) D:6

Altars:
Dithmenos
Elyvilon
Fedhas
Gozag
Hepliaklqana
Kikubaaqudgha
Makhleb
Nemelex Xobeh
Okawaru
Ru
Sif Muna
Trog
Uskayaw
Vehumet
Yredelemnul
Zin
The Shining One


Innate Abilities, Weirdness & Mutations

You have very sharp teeth.
Your uncanny sense of smell can sniff out nearby items.
Your experience applies equally to all skills.


Message History

The seven-headed hydra is heavily wounded.
You swap places.
The seven-headed hydra bites your hound.
The seven-headed hydra bites your hound! x2
The seven-headed hydra barely misses your hound.
The seven-headed hydra bites your hound! x2
Your hound dies!
Your hound's corpse disappears in a puff of smoke!
The seven-headed hydra bites your guardian golem!
Your guardian golem overheats!
Casting: Call Canine Familiar (safe; 1% risk of failure)
Confirm with . or Enter, or press ? or * to list all spells.
An electric hum fills the air.
Casting: Summon Lightning Spire (dangerous; 9% risk of failure)
Confirm with . or Enter, or press ? or * to list all spells.
The seven-headed hydra bites you!
The seven-headed hydra bites you but does no damage.
The seven-headed hydra bites you.
The seven-headed hydra bites you but does no damage.
The seven-headed hydra bites you.
The seven-headed hydra closely misses you. x2
Your hound bites the seven-headed hydra.
Your lightning spire shoots out a bolt of lightning at the seven-headed hydra!
The bolt of electricity hits the seven-headed hydra!
You puncture the seven-headed hydra!
The seven-headed hydra is severely wounded.
The seven-headed hydra bites you! The seven-headed hydra bites you.
* * * LOW HITPOINT WARNING * * *
The seven-headed hydra bites you!
* * * LOW HITPOINT WARNING * * *
The seven-headed hydra barely misses you.
The seven-headed hydra misses you. The seven-headed hydra bites you.
* * * LOW HITPOINT WARNING * * *
The seven-headed hydra barely misses you.
Your hound barely misses the seven-headed hydra.
The seven-headed hydra misses you.
The seven-headed hydra bites you but does no damage.
The seven-headed hydra bites you!
You die...
Your body crumbles into a pile of gold.

...####..############.#.#.#...#
..........................#...###
...#.).###.########.#.#.#...~~...
.....### #..## #h#.....##.####
......# ##..# #....#####.# #.
###.#.######.### ##########.# #.
#.#>.##....#.######$....##.# #.
#.##........<#....'.....##.###.
#.###........#@8..#$.#..##..#..
##.# #........#Dh..#.....##....#
#..# #........#9...#)..[)#..(.##
#.## ##.......##'#######'##..##
#.# #....##..#..)#......#..##
##.# #.##.#####.#.#......#r..#
##># #.##.# #...#..##..#.#.##
##.# #....## ####'#..##..#.#.#.
.#.# ####..# #"+..#......#.#...


You could see a seven-headed hydra (ally target), a friendly guardian golem
(summoned, inner flame), a friendly lightning spire (summoned, sheltered) and a
friendly hound (summoned, sheltered).

Vanquished Creatures
  A water moccasin (D:7)
  An ice beast (D:7)
  A sky beast (D:7)
  A phantom (D:5)
  A bullfrog (D:4)
  A killer bee (D:7)
  A hound (D:5)
  An iguana (D:6)
  2 gnolls (D:5)
  An adder (D:5)
  An ufetubus (D:5)
  An endoplasm (D:1)
  A giant cockroach (D:3)
  A hobgoblin (D:4)
  A kobold (D:4)
  A rat (D:1)
  A butterfly (D:6)
18 creatures vanquished.

Vanquished Creatures (collateral kills)
  2 sky beasts
  An ice beast (D:7)
  2 ogres
  A centaur (D:7)
  2 phantoms
  A kobold brigand (D:7)
  2 bullfrogs
  3 scorpions
  A necrophage (D:5)
  A howler monkey (D:5)
  3 jellies
  A hound (D:7)
  An iguana (D:5)
  4 gnolls
  4 adders
  A white imp (D:6)
  2 ufetubi
  2 dart slugs
  3 orcs
  9 ball pythons
  9 endoplasms
  2 giant cockroaches
  5 goblins
  5 hobgoblins
  3 kobolds
  4 quokkas
  5 bats
  4 frilled lizards
  5 rats
88 creatures vanquished.

Vanquished Creatures (others)
  Prince Ribbit (D:7)
  Grinder (D:6)
  A water moccasin (D:7)
  A centaur (D:6)
  9 wights
  3 killer bees (D:7)
  A hound (D:6)
  A gnoll bouda (D:4)
  3 iguanas (D:6)
  2 gnolls (D:4)
  An orc (D:7)
24 creatures vanquished.

Grand Total: 130 creatures vanquished

Notes
Turn   | Place    | Note
-------+----------+-------------------------------------------
     0 | D:1      | gdog the Gnoll Summoner began the quest for the Orb.
     0 | D:1      | Reached XP level 1. HP: 13/13 MP: 6/6
   382 | D:1      | Reached XP level 2. HP: 19/19 MP: 3/7
   386 | D:1      | Learned a level 2 spell: Call Imp
  1126 | D:1      | Reached skill level 5 in Spellcasting
  1126 | D:1      | Reached XP level 3. HP: 25/25 MP: 7/9
  1130 | D:1      | Learned a level 3 spell: Call Canine Familiar
  1134 | D:1      | Learned a level 3 spell: Summon Guardian Golem
  1162 | D:1      | Found a faded altar of an unknown god.
  1371 | D:2      | Reached skill level 1 in Invocations
  1478 | D:2      | Reached skill level 1 in Fighting
  1478 | D:2      | Reached skill level 1 in Short Blades
  1478 | D:2      | Reached skill level 1 in Long Blades
  1478 | D:2      | Reached skill level 1 in Axes
  1478 | D:2      | Reached skill level 1 in Maces & Flails
  1478 | D:2      | Reached skill level 1 in Polearms
  1478 | D:2      | Reached skill level 1 in Staves
  1478 | D:2      | Reached skill level 1 in Ranged Weapons
  1478 | D:2      | Reached skill level 1 in Throwing
  1478 | D:2      | Reached skill level 1 in Armour
  1478 | D:2      | Reached skill level 1 in Shields
  1478 | D:2      | Reached skill level 1 in Unarmed Combat
  1478 | D:2      | Reached skill level 1 in Evocations
  1619 | D:2      | Reached XP level 4. HP: 32/32 MP: 11/11
  1624 | D:2      | Learned a level 4 spell: Summon Lightning Spire
  1631 | D:2      | Found an iron altar of Okawaru.
  1968 | D:3      | Found an opulent altar of Gozag.
  2532 | D:3      | Found a shadowy altar of Dithmenos.
  2544 | D:3      | Reached skill level 1 in Conjurations
  2544 | D:3      | Reached skill level 1 in Hexes
  2544 | D:3      | Reached skill level 1 in Necromancy
  2544 | D:3      | Reached skill level 1 in Translocations
  2544 | D:3      | Reached skill level 1 in Transmutations
  2544 | D:3      | Reached skill level 1 in Fire Magic
  2544 | D:3      | Reached skill level 1 in Ice Magic
  2544 | D:3      | Reached skill level 1 in Air Magic
  2544 | D:3      | Reached skill level 1 in Earth Magic
  2544 | D:3      | Reached skill level 1 in Poison Magic
  3236 | D:4      | Reached XP level 5. HP: 37/37 MP: 2/12
  3977 | D:4      | Reached XP level 6. HP: 43/44 MP: 7/14
  4053 | D:5      | Entered Level 5 of the Dungeon
  4321 | D:5      | Reached skill level 5 in Dodging
  4563 | D:5      | Found a sparkling altar of Nemelex Xobeh.
  4787 | D:5      | Identified a scroll of acquirement
  4787 | D:5      | Acquired the +10 longbow of the Lesser Evil {flame, rCorr
                  | Int+3}
  4808 | D:5      | Reached XP level 7. HP: 50/50 MP: 10/15
  5101 | D:5      | Acquired the ring "Qiuwk" {*Slow rF+ MP+9 Str+9 SInv}
  5162 | D:5      | Found a burning altar of Makhleb.
  5162 | D:5      | Found a shimmering blue altar of Sif Muna.
  5264 | D:5      | Reached skill level 5 in Stealth
  5847 | D:6      | Reached XP level 8. HP: 58/58 MP: 16/16
  6132 | D:6      | Found a blossoming altar of Fedhas.
  7000 | D:6      | Learned a level 3 spell: Mephitic Cloud
  7046 | D:6      | Found an iron altar of Okawaru.
  7058 | D:6      | Found a staircase to the Ecumenical Temple.
  7064 | Temple   | Entered the Ecumenical Temple
  7202 | D:3      | Became a worshipper of Gozag Ym Sagoz the Greedy
  7473 | D:6      | Noticed Grinder
  7485 | D:6      | Killed Grinder
  7486 | D:6      | Reached XP level 9. HP: 60/65 MP: 16/18
  7901 | D:7      | Reached skill level 8 in Summonings
  8407 | D:7      | Noticed Prince Ribbit
  8444 | D:7      | Killed Prince Ribbit
  8445 | D:7      | Reached skill level 5 in Invocations
  8765 | D:7      | Noticed a seven-headed hydra
  8832 | D:7      | Found the amulet of the Air {Inacc Air Fly rElec RMsl}
  8929 | D:7      | Reached skill level 5 in Fighting
  8929 | D:7      | Reached skill level 5 in Short Blades
  8929 | D:7      | Reached skill level 5 in Long Blades
  8929 | D:7      | Reached skill level 5 in Axes
  8929 | D:7      | Reached skill level 5 in Maces & Flails
  8929 | D:7      | Reached skill level 5 in Polearms
  8929 | D:7      | Reached skill level 5 in Staves
  8929 | D:7      | Reached skill level 5 in Ranged Weapons
  8929 | D:7      | Reached skill level 5 in Throwing
  8929 | D:7      | Reached skill level 5 in Armour
  8929 | D:7      | Reached skill level 5 in Shields
  8929 | D:7      | Reached skill level 5 in Unarmed Combat
  8929 | D:7      | Reached skill level 5 in Evocations
  8929 | D:7      | Reached XP level 10. HP: 74/74 MP: 20/20
  8957 | D:7      | HP: 2/74 [seven-headed hydra (6)]
  8957 | D:7      | Mangled by a seven-headed hydra

Illustrated notes

Levels and vault maps discovered:
D:1:      zaba_arrival_water, layout_basic,
          hellmonk_ecumenical_altar_slurped_away
D:2:      layout_rooms, basic_altar
D:3:      minmay_general_purpose_star, layout_loops_corners,
          mainiacjoe_overflow_paths, nicolae_overflow_hidden_temple,
          kennysheep_generic_room_5
D:4:      layout_basic
D:5:      nicolae_cairo_tiling_large, layout_cave_pods,
          makhleb_heckhound_becter, nemelex_diamond_rough_becter,
          nicolae_sif_muna_little_library, serial_co_window_serial,
          co_window_cross_1, co_window_paths_a, co_window_paths_a,
          co_window_paths_a, co_window_paths_b, co_window_paths_b,
          co_window_paths_c, co_window_broadway_b, co_window_paths_d,
          glass_columns_a, glass_columns_a, glass_columns_b, glass_columns_c
D:6:      layout_loops_corners, overflow_temple_1_default,
          fedhas_bush_and_centaur_altar, minmay_temple_entry_butterflies,
          hangedman_abyss_or_decor_stabs, dk_noncrumbling_2, grunt_ministairs_1,
          minmay_fractal_squares_5, uniq_grinder
D:7:      minmay_clustersquares, layout_rooms, serial_glass, glass_columns_a,
          glass_columns_a, uniq_prince_ribbit1
Temple:   hellmonk_temple_rainy

Skill      XL: |  1  2  3  4  5  6  7  8  9 |
---------------+----------------------------+-----
Spellcasting   | 5 6 7 |  7.1
Invocations    | 1 2 3 4 5 |  5.5
Fighting       | 1 2 3 4 5 |  5.0
Short Blades   | 1 2 3 4 5 |  5.0
Long Blades    | 1 2 3 4 5 |  5.0
Axes           | 1 2 3 4 5 |  5.0
Maces & Flails | 1 2 3 4 5 |  5.0
Polearms       | 1 2 3 4 5 |  5.0
Staves         | 1 2 3 4 5 |  5.0
Ranged Weapons | 1 2 3 4 5 |  5.0
Throwing       | 1 2 3 4 5 |  5.0
Armour         | 1 2 3 4 5 |  5.0
Shields        | 1 2 3 4 5 |  5.0
Unarmed Combat | 1 2 3 4 5 |  5.0
Evocations     | 1 2 3 4 5 |  5.0
Conjurations   | 1 2 3 4 |  4.1
Hexes          | 1 2 3 4 |  4.1
Necromancy     | 1 2 3 4 |  4.1
Translocations | 1 2 3 4 |  4.1
Transmutations | 1 2 3 4 |  4.1
Fire Magic     | 1 2 3 4 |  4.1
Ice Magic      | 1 2 3 4 |  4.1
Air Magic      | 1 2 3 4 |  4.1
Earth Magic    | 1 2 3 4 |  4.1
Poison Magic   | 1 2 3 4 |  4.1
Dodging        | 5 6 |  6.8
Stealth        | 5 6 |  6.6
Summonings     | 8 |  8.3

Action                   |  1- 3 |  4- 6 |  7- 9 | 10-12 || total
-------------------------+-------+-------+-------+-------++-------
Melee: Unarmed           |     6 |       |       |       ||     6
       Hand axe          |     2 |       |       |       ||     2
       Short sword       |     1 |     8 |       |       ||     9
       Bite              |     1 |       |     3 |       ||     4
       Morningstar       |       |     6 |    22 |     1 ||    29
 Fire: Longbow           |       |     4 |     5 |       ||     9
 Cast: Summon Small Mamm |    41 |    26 |    38 |       ||   105
       Call Imp          |     9 |    15 |    17 |       ||    41
       Call Canine Famil |     4 |    14 |    28 |     2 ||    48
       Summon Guardian G |       |     4 |    40 |     4 ||    48
       Summon Lightning  |       |       |     1 |     1 ||     2
       Mephitic Cloud    |       |       |     2 |       ||     2
Evoke: Wand              |       |       |     3 |     2 ||     5
  Use: Scroll            |       |    10 |    14 |       ||    24
       Potion            |       |       |     1 |       ||     1
 Stab: Sleeping          |       |     1 |       |       ||     1
Armor: Robe              |     1 |     9 |    15 |     3 ||    28
Dodge: Dodged            |    11 |    23 |    43 |     8 ||    85
